 Dungeon Crawl Stone Soup version 0.16-a0-3210-ge5ae1c3 (webtiles) character file.

473 Chiseanne the Skirmisher (level 6, 0/48 HPs)
             Began as a Mummy Wanderer on Dec 19, 2014.
             Was a Believer of Makhleb.
             Slain by Prince Ribbit (4 damage)
             ... on level 4 of the Dungeon.
             The game lasted 00:14:48 (7489 turns).

Chiseanne the Skirmisher (Mummy Wanderer)           Turns: 7489, Time: 00:14:48

Health: 0/48       AC:  9    Str: 18    XL:     6   Next: 84%
Magic:  6/6        EV:  5    Int: 11    God:    Makhleb [**....]
Gold:   402        SH:  8    Dex: 10    Spells: 0 memorised, 5 levels left

rFire  x . .     SeeInvis .     s - +2 short sword (speed)
rCold  + . .     Clarity  .     o - +0 chain mail (curse)
rNeg   + + +     SustAb   .     h - +0 shield
rPois  ∞         Gourm    .     (no helmet)
rElec  .         Spirit   .     (no cloak)
rCorr  +         Warding  .     (no gloves)
rMut   .         Stasis   .     (no boots)
MR     .....                    f - amulet of resist corrosion (curse)
Stlth  ..........               (no ring)
                                j - ring of flight (curse)

@: not resistant to hostile enchantments, extremely unstealthy
A: no food or potions, fire vulnerability, restore body, cold resistance 1,
negative energy resistance 3, poison resistance, torment resistance, unbreathing
a: Minor Destruction, Renounce Religion, Evoke Flight


You were on level 4 of the Dungeon.
You worshipped Makhleb.
Makhleb was pleased with you.
You were not hungry.

You visited 1 branch of the dungeon, and saw 4 of its levels.
You also visited: Ossuary.

You collected 402 gold pieces.

Inventory:

Hand weapons
 a - a +2 dagger of venom
 d - a +0 blowgun
 s - a +2 short sword of speed (weapon)
Missiles
 b - 2 javelins
 c - 39 poisoned needles
 g - 31 arrows
 i - 20 sling bullets of frost
 k - 7 needles of confusion
 m - 5 tomahawks (quivered)
 q - 24 sling bullets
Armour
 h - a +0 shield (worn)
 o - a cursed +0 chain mail (worn)
Jewellery
 f - a cursed amulet of resist corrosion (around neck)
 j - a cursed ring of flight (left hand)
Magical devices
 p - a wand of frost (36)
Scrolls
 e - 5 scrolls of identify
 l - 4 scrolls of remove curse
 n - a scroll of fog


   Skills:
 * Level 4.1 Fighting
 * Level 2.1 Short Blades
   Level 3.2 Bows
 - Level 1.0 Throwing
 * Level 3.1 Armour
 - Level 2.0 Dodging
 - Level 1.5 Stealth
 * Level 1.9 Shields


You had 5 spell levels left.
You didn't know any spells.

Dungeon Overview and Level Annotations

Branches:
Dungeon (4/15)
 Temple: D:4-7

Altars:
Dithmenos
Gozag
Makhleb
Nemelex Xobeh

Annotations:
D:4 Prince Ribbit


Innate Abilities, Weirdness & Mutations

You do not eat or drink.
Your flesh is vulnerable to fire.
Your flesh is cold resistant.
You are immune to negative energy.
Your system is resistant to poisons.
You are immune to unholy pain and torment.
You can survive without breathing.


Message History

Your hands tingle!
s - a +2 short sword of speed (weapon)
You closely miss Prince Ribbit.
Prince Ribbit is lightly wounded.
Prince Ribbit hits you!
* * * LOW HITPOINT WARNING * * *
Prince Ribbit catches a mosquito with his tongue.
Prince Ribbit hits you!
* * * LOW HITPOINT WARNING * * *
Read which item? (? for menu, Esc to quit)
Okay, then.
Evoke which item? (* to show all) (? for menu, Esc to quit)
Zapping:
p - a wand of frost (will waste charges)
Press: ? - help, Shift-Dir - straight line, f - Prince Ribbit
Aim: Prince Ribbit (moderately wounded, poisoned)
The puff of frost hits Prince Ribbit.
Prince Ribbit is heavily wounded.
Evoking this partially-identified wand wasted a few charges.
Prince Ribbit hits you.
You die...

#.......###..[..#[# #.##
#....##.
#.##.....#.?#####.###.#
######## #.#####.....#
##.#.#######...## ..# ##...##
#...##...###...### .##
#..######..##....###...###
..##
##........##!.#..##.....##
.<.#
###.#....#.)##..#...#...#
..## #....%.#.(###....###...
.#### ###...@#.F###....###...
....# ###.F##..####...###...
###.########........#########
### ..........#..###...##
#...........##....##
...........##.....#
..........####....#
..)......÷# ##...#
..........# ##..#


You could see Prince Ribbit.

Vanquished Creatures
  The ghost of runewalsh the Sneak, an average OpIE (D:3)
  Sigmund (D:2)
  5 big kobold zombies (Ossuary)
  2 mummies (Ossuary)
  3 adders
  4 gnolls
  2 worms
  2 giant geckos
  9 orcs
  6 giant cockroaches
  7 goblins
  9 hobgoblins
  A quokka (D:2)
  10 bats
  2 gnoll zombies (Ossuary)
  5 goblin zombies (Ossuary)
  A hobgoblin zombie (Ossuary)
  14 kobolds
  An orc zombie (Ossuary)
  8 rats
93 creatures vanquished.

Notes
Turn   | Place    | Note
--------------------------------------------------------------
     0 | D:1      | Chiseanne, the Mummy Wanderer, began the quest for the Orb.
     0 | D:1      | Chiseanne set off with: a +2 shortbow, a scroll of teleportation, 8 poisoned needles, a +0 blowgun, a +0 robe, a +0 dagger, 26 arrows
     0 | D:1      | Reached XP level 1. HP: 16/16 MP: 1/1
   178 | D:1      | Reached XP level 2. HP: 20/23 MP: 2/2
   598 | D:1      | Reached XP level 3. HP: 18/28 MP: 3/3
  4622 | D:1      | Noticed an orc sorcerer
  4622 | D:1      | Paralysed by an orc sorcerer for 3 turns
  4624 | D:1      | Noticed an ogre
  4644 | D:2      | Found a burning altar of Makhleb.
  4644 | D:2      | Noticed a blizzard demon
  4649 | D:2      | Noticed an orange demon
  4649 | D:2      | Noticed a ynoxinul
  4651 | D:2      | Became a worshipper of Makhleb the Destroyer
  4671 | D:2      | Noticed Sigmund
  4687 | D:2      | Killed Sigmund
  4687 | D:2      | Reached skill level 1 in Short Blades
  4687 | D:2      | Reached skill level 1 in Armour
  4687 | D:2      | Reached XP level 4. HP: 31/35 MP: 4/4
  4849 | D:2      | Reached XP level 5. HP: 41/41 MP: 5/5
  5256 | D:2      | Found an opulent altar of Gozag.
  5256 | D:2      | Found a sparkling altar of Nemelex Xobeh.
  5309 | D:2      | Reached skill level 1 in Shields
  5640 | D:3      | Acquired Makhleb's first power
  5717 | D:3      | Noticed runewalsh's ghost (average OpIE)
  5816 | D:4      | Found a shadowy altar of Dithmenos.
  6106 | D:4      | Found a sand-covered staircase.
  6121 | Ossuary  | Entered an ossuary
  6306 | Ossuary  | Reached XP level 6. HP: 29/48 MP: 6/6
  6878 | D:4      | Noticed Prince Ribbit
  6915 | D:3      | Acquired Makhleb's second power
  6929 | D:3      | Killed runewalsh's ghost
  6929 | D:3      | Reached skill level 4 in Fighting
  7489 | D:4      | Slain by Prince Ribbit

Action                   |  1- 3 |  4- 6 || total
-------------------------+-------+-------++-------
Melee: Dagger            |    30 |   149 ||   179
       Short sword       |       |   149 ||   149
 Fire: Shortbow          |    89 |       ||    89
Throw: Tomahawk          |       |     2 ||     2
Evoke: Wand              |       |     1 ||     1
  Use: Scroll            |     3 |     3 ||     6
